 Dungeon Crawl Stone Soup version 0.26-a0-466-g989023bd0d (webtiles) character file.

Game seed: 15504180444518555888

28 Mesmaeker13 the Caller (level 2, -3/20 HPs)
             Began as a Draconian Summoner on Aug 6, 2020.
             Slain by a shadow imp (4 damage)
             ... summoned by Natasha
             ... on level 2 of the Dungeon.
             The game lasted 00:01:45 (1361 turns).

Mesmaeker13 the Caller (Draconian Summoner)         Turns: 1361, Time: 00:01:46

Health: -3/20      AC:  4    Str: 10    XL:     2   Next: 96%
Magic:  4/5        EV: 12    Int: 15    God:
Gold:   114        SH:  0    Dex: 11    Spells: 2/5 levels left

rFire    . . .     SeeInvis .   i - +0 hand axe
rCold    . . .     Faith    .   (no shield)
rNeg     . . .     Spirit   .   (armour unavailable)
rPois    .         Reflect  .   (helmet restricted)
rElec    .         Harm     .   (no cloak)
rCorr    .                      (no gloves)
MR       .....                  (no boots)
Stlth    ++........             (no amulet)
HPRegen  0.06/turn              (no ring)
MPRegen  0.09/turn              (no ring)

@: slowed, very slow
A: unfitting armour, cold-blooded, AC +4
a: no special abilities


You were on level 2 of the Dungeon.
You visited 1 branch of the dungeon, and saw 2 of its levels.

You collected 114 gold pieces.

Inventory:

Hand Weapons
 b - a +0 dagger
 i - a +0 hand axe (weapon)
Scrolls
 d - 2 scrolls of magic mapping {unknown}
 e - 2 scrolls of identify {unknown}
 g - 2 scrolls of teleportation {unknown}
Potions
 a - a potion of flight {unknown}
 c - 2 potions of stabbing {unknown}
 f - a potion of cancellation {unknown}
 h - a potion of curing {unknown}


   Skills:
 + Level 2.3 Dodging
 - Level 1.7 Stealth
 + Level 2.4 Spellcasting
 + Level 4.3 Summonings


You had 2 spell levels left.
You knew the following spells:

 Your Spells              Type           Power        Failure   Level
a - Summon Small Mammal   Summ           ##..         3%          1
b - Call Imp              Summ           ##......     5%          2

Your spell library contained the following spells:

 Spells                   Type           Power        Failure   Level
 Call Canine Familiar     Summ           ##......     11%         3
 Summon Guardian Golem    Hex/Summ       #.......     26%         3
 Summon Ice Beast         Ice/Summ       #.......     65%         4
 Summon Lightning Spire   Summ/Air       #.......     65%         4


Dungeon Overview and Level Annotations

Branches:
Dungeon (2/15)

Altars:
Yredelemnul

Annotations:
D:2 Natasha


Innate Abilities, Weirdness & Mutations

Your plain brown scales are hard. (AC +4)
You cannot fit into any form of body armour.
You are cold-blooded and may be slowed by cold attacks.


Message History

* * * LOW HITPOINT WARNING * * *
Your crimson imp blinks!
Natasha barely misses you.
You closely miss Natasha.
Natasha is lightly wounded.
Your crimson imp blinks!
Natasha casts a spell.
You hit Natasha.
Natasha is moderately wounded.
You hit the shadow imp.
Your crimson imp blinks!
Natasha casts a spell at you.
You feel yourself slow down. The shadow imp closely misses you.
Your crimson imp closely misses the shadow imp.
You hit the shadow imp but do no damage.
The shadow imp is moderately wounded.
You barely miss Natasha. Natasha claws you.
* * * LOW HITPOINT WARNING * * *
The shadow imp hits you.
You die...

#.######.#
#.......
#......<.#
##..##.#
##########
#.....# . ..#
##.####
#...#######.# #.#
(.....†....§# #.#
#...#####5#.# #.#
# ##5#..#### #.#
#@###....####.#
#5h## ##.#>..##.#
...5# ##..#^##.#
####..
##.#......#### #
#.
##.##.#........
#.#.###.#.#######
#.......#.#
####.####.#
#.#####.# #>#


You could see 2 iron imps, Natasha, a shadow imp (summoned) and a friendly
crimson imp (summoned).

Vanquished Creatures
  A dart slug (D:1)
  2 leopard geckos (D:1)
  A giant cockroach (D:1)
  2 goblins (D:1)
  A hobgoblin (D:1)
  2 jackals (D:1)
  A ball python (D:1)
  5 bats
  A frilled lizard (D:1)
  5 kobolds (D:1)
  A rat (D:1)
22 creatures vanquished.

Vanquished Creatures (collateral kills)
  A giant cockroach (D:1)
  2 jackals (D:1)
  A frilled lizard (D:1)
4 creatures vanquished.

Grand Total: 26 creatures vanquished

Notes
Turn   | Place    | Note
-------+----------+-------------------------------------------
     0 | D:1      | Mesmaeker13 the Draconian Summoner began the quest for the
                  | Orb.
     0 | D:1      | Reached XP level 1. HP: 14/14 MP: 3/3
   217 | D:1      | Reached XP level 2. HP: 18/20 MP: 5/5
  1256 | D:1      | Learned a level 2 spell: Call Imp
  1281 | D:2      | Found a basalt altar of Yredelemnul.
  1346 | D:2      | Noticed Natasha
  1361 | D:2      | HP: 1/20 [Natasha (3)]
  1361 | D:2      | Slain by a shadow imp

Illustrated notes

Levels and vault maps discovered:
D:1:      dpeg_arrival_more_subterranean_lakeside_camping, layout_basic,
          minmay_octomino_j4
D:2:      cheibrodos_pilgrimage, layout_loops_ring, yredelemnul_altar_generic,
          gammafunk_temple_overflow_claw, okawaru_metal_pillars_1_2,
          uniq_natasha

Skill      XL: |  1 |
---------------+----+-----
Dodging        | 2 |  2.3
Stealth        | |  1.7
Spellcasting   | |  2.4
Summonings     | |  4.3

Action                   || total
-------------------------++-------
Melee: Dagger            ||    97
       Tailslap          ||     7
       Unarmed           ||     1
       Hand axe          ||     9
 Cast: Summon Small Mamm ||    10
       Call Imp          ||     1
 Stab: Sleeping          ||     2
Armor: Skin              ||    41
Dodge: Dodged            ||    92

Table legend: (Time is in decaauts)
 A = Elapsed time spent in this place.
 B = Non-inter-level travel time spent in this place.
 C = Inter-level travel time spent in this place.
 D = Time resting spent in this place.
 E = Time spent auto-exploring this place.
 F = Levels seen in this place.
 G = Mean time per level.
                   A        B        C        D        E       F      G
               +--------+--------+--------+--------+--------+-----+--------+
         Total |   1362 |   1337 |     25 |    441 |    619 |   2 |  681.0 |
       Dungeon |   1362 |   1337 |     25 |    441 |    619 |   2 |  681.0 |
               +--------+--------+--------+--------+--------+-----+--------+

Top non-repeatable levels by time:
     D:1: 1256 daAuts
     D:2: 105 daAuts
